 Dungeon Crawl Stone Soup version 0.23-a0-577-g2b1de94 (webtiles) character file.

1557 rgaf the Insei (level 8, -1/61 HPs)
             Began as a Gnoll Transmuter on Dec 15, 2018.
             Slain by Menkaure (15 damage)
             ... on level 6 of the Dungeon.
             The game lasted 00:10:46 (3584 turns).

rgaf the Insei (Gnoll Transmuter)                   Turns: 3584, Time: 00:10:46

Health: -1/61      AC: 11    Str: 13    XL:     8   Next: 88%
Magic:  17/17      EV: 14    Int: 18    God:
Gold:   297        SH:  0    Dex: 17    Spells: 14/19 levels left

rFire    . . .     SeeInvis .     - Unarmed
rCold    . . .     Gourm    .   (no shield)
rNeg     . . .     Faith    .   i - +0 ring mail
rPois    .         Spirit   .   s - +2 helmet
rElec    .         Reflect  .   h - +0 cloak
rCorr    .         Harm     .   f - +0 pair of gloves
MR       .....                  (no boots)
Stlth    ++........             (no amulet)
HPRegen  0.20/turn              j - ring of flight
MPRegen  0.15/turn              o - +2 ring of dexterity

@: no status effects
A: distributed training, fangs 1, strong nose
a: Evoke Flight


You were on level 6 of the Dungeon.
You were not hungry.

You visited 1 branch of the dungeon, and saw 7 of its levels.

You collected 297 gold pieces.

Inventory:

Missiles
 a - 63 arrows
 e - 110 stones (quivered)
Armour
 b - a +0 robe
 f - a +0 pair of gloves (worn)
 h - a +0 cloak (worn)
 i - a +0 ring mail (worn)
 l - a +2 hat
 q - a +0 buckler
 s - a +2 helmet (worn)
Jewellery
 j - a ring of flight (left hand)
 o - a +2 ring of dexterity (right hand)
Wands
 n - a wand of polymorph (1)
Scrolls
 g - 7 scrolls of identify
 m - a scroll of teleportation
 p - 2 scrolls of remove curse
 r - a scroll of fog
Potions
 c - 2 potions of invisibility
Comestibles
 d - 9 rations
 t - 2 chunks of flesh


   Skills:
 + Level 4.5 Fighting
 + Level 3.6 Short Blades
 + Level 3.6 Long Blades
 + Level 3.6 Axes
 + Level 3.6 Maces & Flails
 + Level 3.6 Polearms
 + Level 3.6 Staves
 + Level 3.6 Slings
 + Level 3.6 Bows
 + Level 3.6 Crossbows
 + Level 3.6 Throwing
 + Level 3.6 Armour
 + Level 5.9 Dodging
 + Level 3.6 Stealth
 + Level 3.6 Shields
 + Level 7.5 Unarmed Combat
 + Level 6.2 Spellcasting
 + Level 2.9 Conjurations
 + Level 2.9 Hexes
 + Level 2.9 Charms
 + Level 2.9 Summonings
 + Level 2.9 Necromancy
 + Level 2.9 Translocations
 + Level 4.8 Transmutations
 + Level 2.9 Fire Magic
 + Level 2.9 Ice Magic
 + Level 2.9 Air Magic
 + Level 2.9 Earth Magic
 + Level 2.9 Poison Magic
 + Level 4.0 Invocations
 + Level 3.6 Evocations


You had 14 spell levels left.
You knew the following spells:

 Your Spells              Type           Power        Failure   Level  Hunger
b - Sticks to Snakes      Tmut           ###.....     4%          2    None
c - Spider Form           Tmut/Pois      ###.......   14%         3    ##.....

Your spell library contained the following spells:

 Spells                   Type           Power        Failure   Level  Hunger
 Beastly Appendage        Tmut           ###...       3%          1    None
 Ice Form                 Ice/Tmut       ###.....     43%         4    ####...
 Blade Hands              Tmut           ###.......   65%         5    #####..


Dungeon Overview and Level Annotations

Branches:
Dungeon (7/15)
 Temple: D:4-7

Altars:
Gozag
Kikubaaqudgha
Wu Jian
Zin

Shops:
D:4 }

Annotations:
D:6 Menkaure


Innate Abilities, Weirdness & Mutations

Your experience applies equally to all skills.
You have very sharp teeth.
Your uncanny sense of smell can sniff out nearby items.


Message History

You feel much better.
The bullfrog hits you but does no damage.
The bullfrog hits you. Menkaure hits you! The bullfrog hits you.
Evoke which item? (* to show all) (? for menu, Esc to quit)
Aiming: Polymorph
Press: ? - help, Shift-Dir - straight line, f - Menkaure
Aim: Menkaure (fast, chance to defeat MR: 56%) Menkaure is unaffected.
The bullfrog hits you.
* * * LOW HITPOINT WARNING * * *
Menkaure misses you.
The bullfrog hits you but does no damage.
The bullfrog misses you.
Evoke which item? (* to show all) (? for menu, Esc to quit)
Aiming: Polymorph
Press: ? - help, Shift-Dir - straight line, f/p - Menkaure
Aim: Menkaure (fast, chance to defeat MR: 56%) Menkaure is unaffected.
The bullfrog barely misses you.
The bullfrog hits you but does no damage.
Menkaure hits you!
You die...

#>รท..##...#####......##...
######.......##...........
###..........[.........
#...#<......#..########
#.........###..########
#....#.......))))..).).
#..##.#........#########
#.# #...F...##[# #
#..@F..###.####### #
#......M..............
######.....###.#########
....#####...# #.....
....#####...###.....
#.(..................
##########...###..... #...#
#...). #...# #.....


You could see Menkaure and 2 bullfrogs.

Vanquished Creatures
  Edmund (D:5)
  A water moccasin (D:6)
  An orc warrior (D:6)
  A sky beast (D:5)
  2 ogres
  A centaur (D:7)
  A bullfrog (D:6)
  A crimson imp (D:5)
  A jelly (D:7)
  7 orc wizards
  2 orc priests (D:3)
  A bullfrog skeleton (D:5)
  A hound (D:5)
  Crazy Yiuf (D:4)
  Jessica (D:3)
  Natasha (D:2)
  3 worker ants
  Terence (D:2)
  A worker ant zombie (D:5)
  Robin (D:2)
  4 gnolls
  5 adders
  An adder skeleton (D:5)
  5 worms
  A leopard gecko (D:5)
  35 orcs
  A bat zombie (D:2)
  4 giant cockroaches
  16 goblins
  7 hobgoblins
  11 jackals
  4 kobolds
  2 quokkas
  3 bats (D:1)
  5 frilled lizards
  7 rats
  A rat zombie (D:2)
  A fungus (D:4)
143 creatures vanquished.

Notes
Turn   | Place    | Note
-------+----------+-------------------------------------------
     0 | D:1      | rgaf the Gnoll Transmuter began the quest for the Orb.
     0 | D:1      | Reached XP level 1. HP: 17/17 MP: 6/6
    74 | D:1      | Reached XP level 2. HP: 11/23 MP: 7/7
   272 | D:1      | Reached XP level 3. HP: 17/28 MP: 9/9
   368 | D:1      | Reached skill level 5 in Spellcasting
   477 | D:2      | Noticed Robin
   496 | D:2      | Reached skill level 1 in Invocations
   534 | D:2      | Reached skill level 1 in Short Blades
   534 | D:2      | Reached skill level 1 in Long Blades
   534 | D:2      | Reached skill level 1 in Axes
   534 | D:2      | Reached skill level 1 in Maces & Flails
   534 | D:2      | Reached skill level 1 in Polearms
   534 | D:2      | Reached skill level 1 in Staves
   534 | D:2      | Reached skill level 1 in Slings
   534 | D:2      | Reached skill level 1 in Bows
   534 | D:2      | Reached skill level 1 in Crossbows
   534 | D:2      | Reached skill level 1 in Throwing
   534 | D:2      | Reached skill level 1 in Armour
   534 | D:2      | Reached skill level 1 in Stealth
   534 | D:2      | Reached skill level 1 in Shields
   534 | D:2      | Reached skill level 1 in Evocations
   541 | D:2      | Killed Robin
   541 | D:2      | Reached XP level 4. HP: 19/34 MP: 11/11
   698 | D:2      | Noticed Terence
   715 | D:2      | Killed Terence
   720 | D:2      | Learned a level 2 spell: Sticks to Snakes
   724 | D:2      | Learned a level 3 spell: Spider Form
   747 | D:2      | Noticed Natasha
   753 | D:2      | Killed Natasha
   753 | D:2      | Reached skill level 1 in Conjurations
   753 | D:2      | Reached skill level 1 in Hexes
   753 | D:2      | Reached skill level 1 in Charms
   753 | D:2      | Reached skill level 1 in Summonings
   753 | D:2      | Reached skill level 1 in Necromancy
   753 | D:2      | Reached skill level 1 in Translocations
   753 | D:2      | Reached skill level 1 in Fire Magic
   753 | D:2      | Reached skill level 1 in Ice Magic
   753 | D:2      | Reached skill level 1 in Air Magic
   753 | D:2      | Reached skill level 1 in Earth Magic
   753 | D:2      | Reached skill level 1 in Poison Magic
   753 | D:2      | Reached XP level 5. HP: 25/40 MP: 12/12
  1088 | D:2      | Found an ancient bone altar of Kikubaaqudgha.
  1173 | D:3      | Noticed Jessica
  1186 | D:3      | Killed Jessica
  1279 | D:3      | HP: 1/41 [orc wizard/magic dart (8)]
  1281 | D:3      | Reached XP level 6. HP: 2/47 MP: 11/13
  2150 | D:4      | Found a runed door.
  2154 | D:4      | Noticed Crazy Yiuf
  2160 | D:4      | Killed Crazy Yiuf
  2160 | D:4      | Reached skill level 5 in Dodging
  2315 | D:4      | Reached XP level 7. HP: 12/52 MP: 9/15
  2359 | D:4      | Found Cekawk's Gadget Shoppe.
  2392 | D:5      | Entered Level 5 of the Dungeon
  2435 | D:5      | Noticed Edmund
  2456 | D:5      | Reached skill level 7 in Unarmed Combat
  2469 | D:5      | Killed Edmund
  2724 | D:5      | Found a glowing silver altar of Zin.
  2747 | D:5      | Found an opulent altar of Gozag.
  2767 | D:5      | Reached XP level 8. HP: 52/60 MP: 14/16
  2993 | D:5      | Found an ornate altar of the Wu Jian Council.
  3515 | D:7      | Noticed Menkaure
  3541 | D:7      | Noticed a yak
  3541 | D:7      | Noticed a yak
  3542 | D:7      | Noticed a yak
  3544 | D:7      | Noticed a yak
  3584 | D:6      | Slain by Menkaure

Vault maps used:
D:1:      roderic_octagonal_star, serial_corexii_hall, corexii_hall_statues_i,
          chequers_hall_statues_y, corexii_hall_statues_l, minmay_tromino_i2
D:2:      lemuel_zombie_altar_kikubaaqudgha, first_ration, cheibrodos_gnoll_hut,
          uniq_natasha, uniq_robin, uniq_sigmund, uniq_terence
D:3:      cheibrodos_pilgrimage, kennysheep_generic_room_7, uniq_jessica
D:4:      kennysheep_mini_moat, serial_shops, shop, serial_rivers,
          chequers_serial_rivers_room_a, chequers_serial_rivers_room_b,
          chequers_serial_rivers_large_b, chequers_serial_rivers_micro_c,
          chequers_serial_rivers_micro_c, chequers_serial_rivers_micro_d,
          corner_web_ring, minmay_between, uniq_crazy_yiuf_cottage
D:5:      overflow_temple_1_default, zin_academy, basic_altar, feat_on_display,
          uniq_edmund
D:6:      nicolae_lava_and_water
D:7:      minmay_temple_entry_fiery, uniq_menkaure

Skill      XL: |  1  2  3  4  5  6  7  8 |
---------------+-------------------------+-----
Spellcasting   | 5 6 |  6.2
Invocations    | 1 2 3 4 |  4.0
Short Blades   | 1 2 3 |  3.6
Long Blades    | 1 2 3 |  3.6
Axes           | 1 2 3 |  3.6
Maces & Flails | 1 2 3 |  3.6
Polearms       | 1 2 3 |  3.6
Staves         | 1 2 3 |  3.6
Slings         | 1 2 3 |  3.6
Bows           | 1 2 3 |  3.6
Crossbows      | 1 2 3 |  3.6
Throwing       | 1 2 3 |  3.6
Armour         | 1 2 3 |  3.6
Stealth        | 1 2 3 |  3.6
Shields        | 1 2 3 |  3.6
Evocations     | 1 2 3 |  3.6
Conjurations   | 1 2 |  2.9
Hexes          | 1 2 |  2.9
Charms         | 1 2 |  2.9
Summonings     | 1 2 |  2.9
Necromancy     | 1 2 |  2.9
Translocations | 1 2 |  2.9
Fire Magic     | 1 2 |  2.9
Ice Magic      | 1 2 |  2.9
Air Magic      | 1 2 |  2.9
Earth Magic    | 1 2 |  2.9
Poison Magic   | 1 2 |  2.9
Fighting       | 3 4 |  4.5
Transmutations | 4 |  4.8
Dodging        | 5 |  5.9
Unarmed Combat | 7 |  7.5

Action                   |  1- 3 |  4- 6 |  7- 9 || total
-------------------------+-------+-------+-------++-------
Melee: Unarmed           |   116 |   206 |   187 ||   509
       Bite              |    13 |    15 |    10 ||    38
       Punch             |     3 |     1 |       ||     4
 Cast: Spider Form       |       |     6 |    17 ||    23
 Abil: End Transformatio |       |     1 |     1 ||     2
Evoke: Wand              |       |       |     5 ||     5
  Use: Scroll            |     1 |     8 |       ||     9
       Potion            |     1 |       |     5 ||     6
 Stab: Invisible         |     1 |       |       ||     1
       Sleeping          |       |       |     1 ||     1
  Eat: Chunk             |       |     5 |     6 ||    11
Armor: Robe              |     6 |       |       ||     6
       Ring mail         |    31 |    37 |    26 ||    94
       Skin              |       |       |     3 ||     3
Dodge: Dodged            |    68 |   108 |   133 ||   309

Table legend:
 A = Non-vault XP
 B = Vault XP
 C = Vault XP percentage of total XP
 D = Non-vault monster count
 E = Vault monster count
 F = Vault count percentage of total count
                 A         B        C        D         E       F
            +---------+---------+-------+---------+---------+-------
      Total |    1637 |     588 |  26.4 |     111 |      31 |  21.8
            +---------+---------+-------+---------+---------+-------
        D:1 |      42 |       1 |   2.3 |      24 |       1 |   4.0
        D:2 |      45 |     119 |  72.6 |      15 |      16 |  51.6
        D:3 |     117 |      96 |  45.1 |      13 |       8 |  38.1
        D:4 |      54 |     203 |  79.0 |       4 |       5 |  55.6
        D:5 |     653 |     169 |  20.6 |      31 |       1 |   3.1
        D:6 |     563 |       0 |   0.0 |      21 |       0 |   0.0
        D:7 |     163 |       0 |   0.0 |       3 |       0 |   0.0
            +---------+---------+-------+---------+---------+-------
